 Dungeon Sprint DCSS version 0.27-a0-597-g524d869a0f (webtiles) character file.

Game seed: 7850118132491689568

2868 rocky1 the Demonic Cataclysm (level 9, 0/61 (63) HPs)
             Began as a Demonspawn Fighter on Mar 12, 2021.
             Was a High Priest of Qazlal.
             Slain by a hell rat (13 damage)
             ... in the Dungeon (Sprint VII: "The Pits").
             The game lasted 00:04:39 (1162 turns).

rocky1 the Demonic Cataclysm (Demonspawn Fighter)   Turns: 1162, Time: 00:04:39

HP:   0/61 (63)     AC: 20    Str: 20    XL:     9   Next: 47%
MP:   13/19         EV:  6    Int: 10    God:    Qazlal [*****.]
Gold: 0             SH: 18    Dex: 12    Spells: 8/8 levels left

rFire    . . .     SeeInvis .   t - +2 war axe (vorpal)
rCold    . . .     Faith    .   c - +0 kite shield
rNeg     . . .     Spirit   .   u - +4 chain mail
rPois    .         Reflect  .   (helmet restricted)
rElec    .         Harm     .   (no cloak)
rCorr    .         Rampage  .   a - +0 pair of gloves
Will     .....     NoTele   +   (no boots)
Stlth    ..........             (no amulet)
HPRegen  0.20/turn              (no ring)
MPRegen  0.16/turn              (no ring)

@: sanguine armoured, slowed, lightly drained, repel missiles, very slow
A: horns 1, demonic guardian 1, sanguine armour 1
a: Renounce Religion, Upheaval, Elemental Force, Disaster Area


You were in the Dungeon.
You worshipped Qazlal.
Qazlal was extremely pleased with you.
You visited 1 branch

Inventory:

Hand Weapons
 o - a +2 long sword of flaming
 t - a +2 vorpal war axe (weapon)
Armour
 a - a +0 pair of gloves (worn)
 c - a +0 kite shield (worn)
 n - a +3 plate armour
 u - a +4 chain mail (worn)
Jewellery
 q - a +3 ring of dexterity
 r - a +3 ring of dexterity
Scrolls
 j - a scroll of blinking
 l - 5 scrolls of amnesia
 m - a scroll of summoning
Potions
 d - a potion of might
 e - 8 potions of curing
 f - 14 potions of heal wounds
 g - 2 potions of haste
 h - 3 potions of magic
 i - 3 potions of berserk rage
 k - 2 potions of invisibility
 s - a potion of mutation


   Skills:
 - Level 3.0 Fighting
 + Level 12.5 Axes
 - Level 2.6 Armour
 + Level 11.9 Shields
 + Level 14.5 Invocations


You had 8 spell levels left.
You didn't know any spells.
Your spell library was empty.

Dungeon Overview and Level Annotations

Branches:
Dungeon (1/1)

Altars:
Ashenzari
Cheibriados
Dithmenos
Elyvilon
Fedhas
Gozag
Hepliaklqana
Kikubaaqudgha
Makhleb
Nemelex Xobeh
Okawaru
Qazlal
Ru
Sif Muna
Trog
Uskayaw
Vehumet
Wu Jian
Xom
Yredelemnul
Zin
The Shining One
Beogh
Jiyva
Lugonu


Innate Abilities, Weirdness & Mutations

You have a pair of small horns on your head.
A weak demonic guardian rushes to your aid.
When seriously injured, your bleeding wounds create armour. (AC +6)


Message History

Aiming: Upheaval
Press: ? - help, Dir - move target A blizzard blasts the area with ice!
The blast of ice hits something!!
Qazlal accepts your kill.
Reactivating autopickup.
You feel a bit more experienced.
The blast of ice hits the iron imp!!
The iron imp partially resists.
You kill the iron imp!
The blast of ice hits the ufetubus!!
The ufetubus partially resists.
You kill the ufetubus!
You block the crimson imp's attack.
Your Axes skill increases to level 12!
Your Invocations skill increases to level 14!
Aiming: Upheaval
Press: ? - help, Dir - move target A blizzard blasts the area with ice!
The blast of ice hits Eustachio!!
You kill Eustachio!
Qazlal accepts your kill.
The crimson imp disappears in a puff of smoke!
Unknown command.
You are too injured to fight recklessly!
You block the hell rat's attack.
You hit the hell rat.
The hell rat is moderately wounded.
You block the hell rat's attack. The hell rat bites you!
* * * LOW HITPOINT WARNING * * *
You feel drained.
* * * LOW HITPOINT WARNING * * *
A demonic guardian appears!
You closely miss the hell rat.
You headbutt the hell rat, but do no damage.
The hell rat is moderately wounded.
You block the hell rat's attack.
Your iron imp hits the hell rat.
You hit the hell rat but do no damage.
The hell rat is severely wounded.
The hell rat bites you but does no damage.
The hell rat bites you!
You die...

'.##......#..#......#
#.##................+
...'................+
####......#..#......#
..##................#
..#####'#####..######
+###.......##..#####
..##.......##.§○...#
..##.......##...@§.#
####...<...###).r§##
..##.......# ##☼5##
[.##.......# [.).#
####.......# ......# ..
##########..†...'.
.############......#..
÷#....#....###.)..###..
)#....#..[[# ##..## ##


You could see a hell rat (ally target) and a friendly iron imp (summoned).

Vanquished Creatures
  A shadow wraith (D)
  A phantasmal warrior (D)
  2 hornets (D)
  A tarantella (D)
  2 wraiths (D)
  Eustachio (D)
  A warg (D)
  Duvessa (D)
  A floating eye (D)
  A black bear (D)
  A necrophage (D)
  An ogre (D)
  An eye of draining (D)
  Dowan (D)
  A scorpion (D)
  An iron imp (D)
  A hell rat (D)
  2 gnolls (D)
  3 river rats (D)
  An adder (D)
  A white imp (D)
  A bat zombie (D)
  A giant cockroach (D)
  A goblin (D)
  A quokka (D)
  3 bats (D)
  A rat (D)
34 creatures vanquished.

Notes
Turn   | Place    | Note
-------+----------+-------------------------------------------
     0 | D        | rocky1 the Demonspawn Fighter began the quest for the Orb.
     0 | D        | Reached XP level 1. HP: 18/18 MP: 1/1
    13 | D        | Noticed a floating eye
    16 | D        | Paralysed by a floating eye for 2 turns
    19 | D        | Killed a floating eye
    20 | D        | Reached skill level 5 in Shields
    20 | D        | Gained mutation: When seriously injured, your bleeding
                  | wounds create armour. (AC +6) [demonic ancestry]
    20 | D        | Reached XP level 2. HP: 24/24 MP: 2/2
    20 | D        | Reached XP level 3. HP: 29/29 MP: 3/3
    20 | D        | Reached XP level 4. HP: 35/35 MP: 4/4
    24 | D        | Found a bloodstained altar of Trog.
    24 | D        | Found a shimmering blue altar of Sif Muna.
    24 | D        | Found a viscous altar of Jiyva.
    24 | D        | Found a hazy altar of Hepliaklqana.
    24 | D        | Found an opulent altar of Gozag.
    25 | D        | Found a basalt altar of Yredelemnul.
    25 | D        | Found a shimmering altar of Xom.
    25 | D        | Found an ornate altar of the Wu Jian Council.
    25 | D        | Found a sacrificial altar of Ru.
    25 | D        | Found a stormy altar of Qazlal.
    25 | D        | Found an iron altar of Okawaru.
    25 | D        | Found a sparkling altar of Nemelex Xobeh.
    25 | D        | Found a burning altar of Makhleb.
    25 | D        | Found a blossoming altar of Fedhas.
    25 | D        | Found a shadowy altar of Dithmenos.
    25 | D        | Found a snail-covered altar of Cheibriados.
    28 | D        | Found a corrupted altar of Lugonu.
    28 | D        | Found a radiant altar of Vehumet.
    29 | D        | Found an ancient bone altar of Kikubaaqudgha.
    29 | D        | Found a hide-covered altar of Uskayaw.
    29 | D        | Found a broken altar of Ashenzari.
    32 | D        | Became a worshipper of Qazlal Stormbringer
    77 | D        | Reached * piety under Qazlal
    78 | D        | Reached skill level 1 in Invocations
   176 | D        | Reached skill level 2 in Invocations
   187 | D        | Reached ** piety under Qazlal
   188 | D        | Reached skill level 3 in Invocations
   188 | D        | Reached XP level 5. HP: 27/41 MP: 5/7
   477 | D        | Noticed a black bear
   477 | D        | Noticed a necrophage
   495 | D        | Killed a necrophage
   495 | D        | Reached *** piety under Qazlal
   496 | D        | Reached skill level 6 in Invocations
   498 | D        | Killed a black bear
   499 | D        | Reached skill level 7 in Invocations
   499 | D        | Gained mutation: You have a pair of small horns on your
                  | head. [demonic ancestry]
   499 | D        | Reached XP level 6. HP: 31/47 MP: 7/11
   607 | D        | Reached **** piety under Qazlal
   625 | D        | Noticed a wraith
   647 | D        | Killed a wraith
   648 | D        | Reached skill level 9 in Invocations
   648 | D        | Gained mutation: A weak demonic guardian rushes to your
                  | aid. [demonic ancestry]
   648 | D        | Reached XP level 7. HP: 33/52 MP: 11/13
   759 | D        | Reached skill level 10 in Axes
   759 | D        | Reached skill level 10 in Invocations
   844 | D        | Noticed a phantasmal warrior
   861 | D        | Killed a phantasmal warrior
   861 | D        | Reached ***** piety under Qazlal
   862 | D        | Reached skill level 10 in Shields
   862 | D        | Reached skill level 11 in Invocations
   862 | D        | Reached XP level 8. HP: 31/58 MP: 6/16
  1141 | D        | Noticed Duvessa
  1141 | D        | Noticed Dowan
  1141 | D        | Noticed a hornet
  1142 | D        | Killed Dowan
  1143 | D        | Killed Duvessa
  1144 | D        | Reached skill level 12 in Invocations
  1147 | D        | Noticed Eustachio
  1147 | D        | Noticed a hornet
  1150 | D        | Killed a hornet
  1150 | D        | Killed a hornet
  1151 | D        | Reached skill level 13 in Invocations
  1151 | D        | Reached XP level 9. HP: 48/63 MP: 2/19
  1155 | D        | Killed a shadow wraith
  1156 | D        | Reached skill level 14 in Invocations
  1156 | D        | Killed Eustachio
  1162 | D        | Slain by a hell rat

Illustrated notes

Levels and vault maps discovered:
D:        pitsprint [storerooms_1, entrance_room_1, metal_vault_2, armoury_2,
          mini_pit_1, grid_room_1, main_hall_1, silver_pit, the_coven_2,
          the_vestibule_1, steel_vault_2, golden_pit, hallway_of_sentries,
          crystal_vault_4, iron_vault_4, final_vault]

Skill      XL: |  1  2  3  4  5  6  7  8  9 |
---------------+----------------------------+-----
Axes           | 6 7 8 9 10 11 12 | 12.5
Shields        | 5 6 7 8 10 11 | 11.9
Invocations    | 3 7 9 11 13 14 | 14.5
Fighting       | |  3.0
Armour         | |  2.6

Action                   |  1- 3 |  4- 6 |  7- 9 || total
-------------------------+-------+-------+-------++-------
Melee: War axe           |     4 |    28 |    11 ||    43
       Hand axe          |       |    53 |    22 ||    75
       Headbutt          |       |     5 |     7 ||    12
Invok: Upheaval          |       |       |     9 ||     9
       Disaster Area     |       |       |     1 ||     1
  Use: Potion            |       |       |     1 ||     1
Armor: Scale mail        |       |    23 |       ||    23
       Chain mail        |       |    10 |     9 ||    19
Dodge: Dodged            |       |    20 |     4 ||    24
Block: Kite shield       |       |    58 |    30 ||    88

Table legend: (Time is in decaauts)
 A = Elapsed time spent in this place.
 B = Non-inter-level travel time spent in this place.
 C = Inter-level travel time spent in this place.
 D = Time resting spent in this place.
 E = Time spent auto-exploring this place.
 F = Levels seen in this place.
 G = Mean time per level.
                   A        B        C        D        E       F      G
               +--------+--------+--------+--------+--------+-----+--------+
         Total |   1197 |   1137 |     60 |    709 |      0 |   1 | 1197.0 |
       Dungeon |   1197 |   1137 |     60 |    709 |      0 |   1 | 1197.0 |
               +--------+--------+--------+--------+--------+-----+--------+

Top non-repeatable levels by time:
       D: 1197 daAuts
